 Dungeon Crawl Stone Soup version 0.32-a0-338-g4f8ebfe289 (webtiles) character file.

Game seed: 7016682202122133961

118 EC1 the Covered (level 4, 41/41 HPs)
             Began as a Minotaur Fighter on Feb 17, 2024.
             Quit the game on level 2 of the Dungeon on Feb 18, 2024.
             The game lasted 00:02:38 (1011 turns).

EC1 the Covered (Minotaur Fighter)                  Turns: 1011, Time: 00:02:39

Health: 41/41      AC:  7    Str: 23    XL:     4   Next: 72%
Magic:  3/3        EV:  9    Int:  5    God:
Gold:   128        SH:  4    Dex:  9    Spells: 3/3 levels left

rFire   . . .        a - +1 flail
rCold   . . .        c - +0 buckler
rNeg    . . .        b - +0 scale mail
rPois   .            (helmet restricted)
rElec   .            (no cloak)
rCorr   .            (no gloves)
SInv    .            (no boots)
Will    .....        (no amulet) Stlth
                     (no ring)
HPRegen 0.26/turn    (no ring)
MPRegen 0.08/turn

%: no passive effects
@: no status effects
A: horns 2, retaliatory headbutt
a: no special abilities


You were on level 2 of the Dungeon.
You visited 1 branch of the dungeon, and saw 2 of its levels.

You collected 128 gold pieces.

Inventory:

Hand Weapons
 a - a +1 flail (weapon)
 j - a +2 vampiric dagger
Armour
 b - a +0 scale mail (worn)
 c - a +0 buckler (worn)
Talismans
 f - a beast talisman
Scrolls
 g - a scroll of silence
 i - a scroll of identify
Potions
 d - 2 potions of might
 e - a potion of enlightenment {unknown}
 h - a potion of lignification {unknown}


   Skills:
 + Level 4.3 Fighting
 + Level 3.8 Maces & Flails
 + Level 4.6 Armour
 + Level 0.6 Dodging
 + Level 4.3 Shields


You had 3 spell levels left.
You didn't know any spells.
Your spell library contained the following spells:

 Spells                   Type           Power      Damage    Failure   Level
 Ensorcelled Hibernation  Hex/Ice        0%         N/A       93%         2
 Fugue of the Fallen      Necr           0%         N/A       99%         3
 Anguish                  Hex/Necr       0%         N/A       100%        4
 Animate Armour           Summ/Erth      0%         N/A       100%        4
 Summon Lightning Spire   Summ/Air       0%         N/A       100%        4
 Lee's Rapid Deconstruct  Erth           0%         3d4*      100%        5


Dungeon Overview and Level Annotations

Branches:
Dungeon (2/15)

Altars:


Innate Abilities, Weirdness & Mutations

You have a pair of horns on your head.
You reflexively headbutt those who attack you in melee.


Message History

The ball python bites you but does no damage.
The ball python constricts you.
The ball python bites you but does no damage.
The ball python constricts you.
You thump the ball python!
You kill the ball python!
You closely miss the goblin. You block the goblin's attack.
You hit the goblin.
You kill the goblin!
Things that are here:
a +2 vampiric dagger; a goblin corpse
There is an open door here.
There is an open door here.
Things that are here:
a +2 vampiric dagger; a goblin corpse
j - a +2 vampiric dagger You open the door.
Found a falchion.
There is an open door here.
You open the door.
An adder comes into view.
The adder hisses angrily.
You thump the adder!
You kill the adder!
There is an open door, spattered with blood here.
You see here an adder corpse.
A rat comes into view.
Found 9 gold pieces.
The rat squeaks loudly.
The rat barely misses you.
You thump the rat!
You kill the rat!
You see here a rat corpse.
You now have 128 gold pieces (gained 9).
You see here a rat corpse.
As you open the door, it creaks loudly!
There is an open door here.
Welcome back, EC1 the Minotaur Fighter.
Press ? for a list of commands and other information.
Are you sure you want to abandon this character and quit the game? (Confirm with "yes".)

#.#
......#'######.
#.#
.............##.
#.#
.............##.
#.#
.............##.
#.#
.......#+#######
#.#### .......
#....# .....).
####.##.......
#..†.@.......
#.#.##.......
#.#.# .......
#.#.# .......
#.#.# #######
#.#.# #.#.#
#.#.# ####.#.#


There were no monsters in sight!

Vanquished Creatures
  3 adders (D:2)
  2 ribbon worms (D:2)
  A dart slug (D:2)
  2 endoplasms (D:1)
  A giant cockroach (D:1)
  6 hobgoblins
  2 kobolds (D:1)
  7 ball pythons
  7 bats
  3 frilled lizards (D:1)
  7 goblins
  8 rats
49 creatures vanquished.

Notes
Turn   | Place    | Note
-------+----------+-------------------------------------------
     0 | D:1      | EC1 the Minotaur Fighter began the quest for the Orb.
     0 | D:1      | Reached XP level 1. HP: 19/19 MP: 0/0
    64 | D:1      | Reached XP level 2. HP: 21/27 MP: 1/1
   200 | D:1      | Reached XP level 3. HP: 33/33 MP: 2/2
   764 | D:2      | Reached XP level 4. HP: 40/40 MP: 3/3
  1011 | D:2      | Quit the game

Illustrated notes

Levels and vault maps discovered:
D:1:      wander_arrival_estate, layout_rooms, dreamdust_princess_bridge
D:2:      layout_basic

Skill      XL: |  1  2  3 |
---------------+----------+-----
Armour         | 4 |  4.6
Shields        | 4 |  4.3
Fighting       | 4 |  4.3
Maces & Flails | 3 |  3.8
Dodging        | |  0.6

Action                     |  1- 3 |  4- 6 || total
---------------------------+-------+-------++-------
  Melee: Flail             |    74 |    32 ||   106
         Headbutt          |     9 |     3 ||    12
    Use: Scroll            |     3 |       ||     3
 Armour: Scale mail        |    56 |    26 ||    82
  Dodge: Dodged            |    36 |    13 ||    49
  Block: Buckler           |    17 |     8 ||    25

Table legend: (Time is in decaauts)
 A = Elapsed time spent in this place.
 B = Non-inter-level travel time spent in this place.
 C = Inter-level travel time spent in this place.
 D = Time resting spent in this place.
 E = Time spent auto-exploring this place.
 F = Levels seen in this place.
 G = Mean time per level.
                   A        B        C        D        E       F      G
               +--------+--------+--------+--------+--------+-----+--------+
         Total |   1041 |   1041 |      0 |     24 |    486 |   2 |  520.5 |
       Dungeon |   1041 |   1041 |      0 |     24 |    486 |   2 |  520.5 |
               +--------+--------+--------+--------+--------+-----+--------+

Top non-repeatable levels by time:
     D:1: 608 daAuts
     D:2: 433 daAuts
